| TOP OF THE 1ST |
|
Savannah Indians batting - Pitching for Jacksonville Suns : LHP Stephen Hartery
|
|
Pitching: LHP Stephen Hartery
|
|
|
Batting: RHB Angel Salazar
|
0-0: Swinging Strike 0-1: Swinging Strike 0-2: Ball 1-2: SINGLE (Groundball, 56S, EV 70.0 MPH) (infield hit)
|
|
Batting: RHB Eddie Vargas
|
0-0: Reached on error, E5 (Groundball, 5, EV 89.4 MPH) Angel Salazar to second
|
|
Batting: RHB Jim Paciorek
|
0-0: Ball 1-0: Ball Angel Salazar steals 3rd base 2-0: Ball 3-0: Base on Balls Eddie Vargas to second
|
|
Batting: RHB Wade Rowdon
|
0-0: Fly out, F3 (Popup, 3F, EV 70.0 MPH)
|
|
Batting: RHB Ramiro Gutierrez
|
0-0: Fly out, F8 (Flyball, 8LD, EV 93.1 MPH) Runner from 3rd tags up, OUT at HOME! 8-2
|
| Top of the 1st over - 0 runs, 1 hit, 1 error, 2 left on base; Savannah 0 - Jacksonville 0 |
| BOTTOM OF THE 1ST |
|
Jacksonville Suns batting - Pitching for Savannah Indians : RHP Jose Guzman
|
|
Pitching: RHP Jose Guzman
|
|
|
Batting: RHB Lyle Brackenridge
|
0-0: Ball 1-0: Called Strike 1-1: Ball 2-1: Called Strike 2-2: Ball 3-2: Foul Ball, location: 2F 3-2: Ground out 6-3 (Groundball, 6, EV 108.1 MPH)
|
|
Batting: SHB Joe Morales
|
0-0: Called Strike 0-1: Ball 1-1: Ball 2-1: Ball 3-1: Base on Balls
|
|
Batting: LHB Andy Carlton
|
0-0: Called Strike 0-1: Ball Joe Morales steals 2nd base 1-1: Ground out 4-3 (Groundball, 4, EV 103.1 MPH) Joe Morales to third
|
|
Batting: RHB Edward Packard
|
0-0: Foul Ball, location: 2F 0-1: Ball 1-1: Ball 2-1: Ball 3-1: Fly out, F7 (Flyball, 78D, EV 108.1 MPH)
|
| Bottom of the 1st over - 0 runs, 0 hits, 0 errors, 1 left on base; Savannah 0 - Jacksonville 0 |
| TOP OF THE 2ND |
|
Savannah Indians batting - Pitching for Jacksonville Suns : LHP Stephen Hartery
|
|
Batting: RHB Jeff Hearron
|
0-0: Ball 1-0: Called Strike 1-1: Swinging Strike 1-2: Strikes out swinging
|
|
Batting: LHB Steve Sbragia
|
0-0: Foul Ball, location: 2F 0-1: Ball 1-1: Ball 2-1: Fly out, F4 (Popup, 34S, EV 78.1 MPH)
|
|
Batting: RHB Mario Diaz
|
0-0: Ground out 5-3 (Groundball, 56S, EV 63.8 MPH)
|
| Top of the 2nd over - 0 runs, 0 hits, 0 errors, 0 left on base; Savannah 0 - Jacksonville 0 |
| BOTTOM OF THE 2ND |
|
Jacksonville Suns batting - Pitching for Savannah Indians : RHP Jose Guzman
|
|
Batting: LHB Pete M O'Brien
|
0-0: Ball 1-0: Swinging Strike 1-1: Called Strike 1-2: Strikes out looking
|
|
Batting: LHB Dave Baker
|
0-0: Called Strike 0-1: Ground out U3 (Groundball, 34, EV 107.5 MPH)
|
|
Batting: LHB Michael Kelly
|
0-0: Called Strike 0-1: Called Strike 0-2: Strikes out looking
|
| Bottom of the 2nd over - 0 runs, 0 hits, 0 errors, 0 left on base; Savannah 0 - Jacksonville 0 |
| TOP OF THE 3RD |
|
Savannah Indians batting - Pitching for Jacksonville Suns : LHP Stephen Hartery
|
|
Batting: LHB Albert Castillo
|
0-0: Ball 1-0: Called Strike 1-1: Ball 2-1: Fly out, F9 (Flyball, 9S, EV 85.6 MPH)
|
|
Batting: RHB Angel Salazar
|
0-0: Ball 1-0: Foul Ball, location: 2F 1-1: Foul Ball, location: 2F 1-2: Foul Ball, location: 2F 1-2: Ground out U3 (Groundball, 3, EV 88.1 MPH)
|
|
Batting: RHB Eddie Vargas
|
0-0: Ball 1-0: SINGLE (Line Drive, 78S, EV 97.5 MPH)
|
|
Batting: RHB Jim Paciorek
|
0-0: Called Strike 0-1: Ball 1-1: Called Strike 1-2: Foul Ball, location: 2F 1-2: Ball Eddie Vargas steals 2nd base 2-2: SINGLE (Line Drive, 6D, EV 96.9 MPH) Eddie Vargas to third Runner from 3rd tries for Home, SAFE, throw by CF to home
|
|
Batting: RHB Wade Rowdon
|
0-0: SINGLE (Flyball, 8LS, EV 96.9 MPH) Jim Paciorek to second Runner from 2nd tries for 3rd, OUT! 8-5
|
| Top of the 3rd over - 1 run, 3 hits, 0 errors, 1 left on base; Savannah 1 - Jacksonville 0 |
| BOTTOM OF THE 3RD |
|
Jacksonville Suns batting - Pitching for Savannah Indians : RHP Jose Guzman
|
|
Batting: RHB Mark Nocciolo
|
0-0: Ground out 4-3 (Groundball, 4S, EV 90.6 MPH)
|
|
Batting: RHB Henry Powell
|
0-0: Ball 1-0: Ball 2-0: Called Strike 2-1: Ball 3-1: Fly out, F6 (Popup, P, EV 88.1 MPH)
|
|
Batting: RHB Lyle Brackenridge
|
0-0: Ball 1-0: Foul Ball, location: 2F 1-1: Ball 2-1: Fly out, F7 (Flyball, 78D, EV 85.6 MPH)
|
| Bottom of the 3rd over - 0 runs, 0 hits, 0 errors, 0 left on base; Savannah 1 - Jacksonville 0 |
| TOP OF THE 4TH |
|
Savannah Indians batting - Pitching for Jacksonville Suns : LHP Stephen Hartery
|
|
Batting: RHB Ramiro Gutierrez
|
0-0: Fly out, F8 (Flyball, 8RXD, EV 95.0 MPH)
|
|
Batting: RHB Jeff Hearron
|
0-0: Ball 1-0: Ball 2-0: Ball 3-0: Called Strike 3-1: Base on Balls
|
|
Batting: LHB Steve Sbragia
|
0-0: Fly out, F8 (Flyball, 78D, EV 76.9 MPH)
|
|
Batting: RHB Mario Diaz
|
0-0: Ball 1-0: Ground out U3 (Groundball, 3, EV 95.6 MPH)
|
| Top of the 4th over - 0 runs, 0 hits, 0 errors, 1 left on base; Savannah 1 - Jacksonville 0 |
| BOTTOM OF THE 4TH |
|
Jacksonville Suns batting - Pitching for Savannah Indians : RHP Jose Guzman
|
|
Batting: SHB Joe Morales
|
0-0: Foul Ball, location: 2F 0-1: Ball 1-1: Foul Ball, location: 2F 1-2: Ball 2-2: Foul Ball, location: 2F 2-2: SINGLE (Line Drive, 8RM, EV 96.3 MPH)
|
|
Batting: LHB Andy Carlton
|
0-0: Grounds into double play, 4-6-3 (Groundball, 4, EV 90.6 MPH)
|
|
Batting: RHB Edward Packard
|
0-0: Ball 1-0: Ball 2-0: Fly out, F6 (Flyball, 6D, EV 85.6 MPH)
|
| Bottom of the 4th over - 0 runs, 1 hit, 0 errors, 0 left on base; Savannah 1 - Jacksonville 0 |
| TOP OF THE 5TH |
|
Savannah Indians batting - Pitching for Jacksonville Suns : LHP Stephen Hartery
|
|
Batting: LHB Albert Castillo
|
0-0: Called Strike 0-1: Swinging Strike 0-2: Strikes out looking
|
|
Batting: RHB Angel Salazar
|
0-0: Swinging Strike 0-1: Foul Ball, location: 2F 0-2: Ball 1-2: Strikes out swinging
|
|
Batting: RHB Eddie Vargas
|
0-0: Called Strike 0-1: Ball 1-1: Foul Ball, location: 2F 1-2: Ball 2-2: Strikes out swinging
|
| Top of the 5th over - 0 runs, 0 hits, 0 errors, 0 left on base; Savannah 1 - Jacksonville 0 |
| BOTTOM OF THE 5TH |
|
Jacksonville Suns batting - Pitching for Savannah Indians : RHP Jose Guzman
|
|
Batting: LHB Pete M O'Brien
|
0-0: Fly out, F7 (Flyball, 78M, EV 93.8 MPH)
|
|
Batting: LHB Dave Baker
|
0-0: Fly out, F7 (Flyball, 7D, EV 91.3 MPH)
|
|
Batting: LHB Michael Kelly
|
0-0: Called Strike 0-1: Called Strike 0-2: Strikes out swinging
|
| Bottom of the 5th over - 0 runs, 0 hits, 0 errors, 0 left on base; Savannah 1 - Jacksonville 0 |
| TOP OF THE 6TH |
|
Savannah Indians batting - Pitching for Jacksonville Suns : LHP Stephen Hartery
|
|
Batting: RHB Jim Paciorek
|
0-0: Foul Ball, location: 2F 0-1: Ball 1-1: Ball 2-1: SINGLE (Groundball, 56D, EV 101.3 MPH)
|
|
Batting: RHB Wade Rowdon
|
0-0: Ball 1-0: Ball 2-0: Foul Ball, location: 2F 2-1: Foul Ball, location: 2F 2-2: Fielders Choice at 2nd, U6 (Groundball, 4M, EV 84.4 MPH)
|
|
Batting: RHB Ramiro Gutierrez
|
0-0: Ball 1-0: Ball 2-0: Foul Ball, location: 2F 2-1: Ball 3-1: Foul Ball, location: 2F 3-2: Foul Ball, location: 2F 3-2: Foul Ball, location: 2F 3-2: Base on Balls Wade Rowdon to second
|
|
Batting: RHB Jeff Hearron
|
0-0: Ball 1-0: DOUBLE (Line Drive, 5D, EV 98.1 MPH) Wade Rowdon scores Ramiro Gutierrez to third Runner from 3rd tries for Home, SAFE, throw by LF to home
|
|
Batting: LHB Steve Sbragia
|
0-0: Called Strike 0-1: Foul Ball, location: 2F 0-2: Ball 1-2: Ball 2-2: Foul Ball, location: 2F 2-2: 2-RUN HOME RUN (Flyball, 9D, EV 110.6 MPH), Distance : 353 ft
|
|
Batting: RHB Mario Diaz
|
0-0: Ball 1-0: Ball 2-0: Called Strike 2-1: Ball 3-1: Ground out 5-3 (Groundball, 56, EV 108.1 MPH)
|
|
Batting: LHB Albert Castillo
|
0-0: Called Strike 0-1: Ball 1-1: Ball 2-1: SINGLE (Line Drive, 8RS, EV 89.4 MPH)
|
|
Batting: RHB Angel Salazar
|
0-0: Ball 1-0: Ground out 4-3 (Groundball, 4S, EV 86.3 MPH)
|
| Top of the 6th over - 4 runs, 4 hits, 0 errors, 1 left on base; Savannah 5 - Jacksonville 0 |
| BOTTOM OF THE 6TH |
|
Jacksonville Suns batting - Pitching for Savannah Indians : RHP Jose Guzman
|
|
Batting: RHB Mark Nocciolo
|
0-0: Ball 1-0: Swinging Strike 1-1: DOUBLE (Line Drive, 9LS, EV 109.4 MPH)
|
|
Batting: RHB Henry Powell
|
0-0: Foul Ball, location: 2F 0-1: Foul Ball, location: 2F 0-2: Ball 1-2: Ground out 6-3 (Groundball, 56, EV 107.5 MPH)
|
|
Batting: RHB Lyle Brackenridge
|
0-0: Ground out 6-3 (Groundball, 56, EV 104.4 MPH)
|
|
Batting: SHB Joe Morales
|
0-0: Ball 1-0: Foul Ball, location: 2F 1-1: Ball 2-1: Foul Ball, location: 2F 2-2: Ball 3-2: Foul Ball, location: 2F 3-2: Foul Ball, location: 2F 3-2: Ground out U3 (Groundball, 34S, EV 68.1 MPH)
|
| Bottom of the 6th over - 0 runs, 1 hit, 0 errors, 1 left on base; Savannah 5 - Jacksonville 0 |
| TOP OF THE 7TH |
|
Savannah Indians batting - Pitching for Jacksonville Suns : LHP Stephen Hartery
|
|
Batting: RHB Eddie Vargas
|
0-0: Ball 1-0: Fly out, F7 (Flyball, 7, EV 86.3 MPH)
|
|
Batting: RHB Jim Paciorek
|
0-0: Ball 1-0: SINGLE (Groundball, 4D, EV 104.4 MPH)
|
|
Batting: RHB Wade Rowdon
|
0-0: Ball 1-0: Ball 2-0: Ball 3-0: Called Strike 3-1: Foul Ball, location: 2F 3-2: Strikes out swinging
|
|
Batting: RHB Ramiro Gutierrez
|
0-0: Called Strike 0-1: Foul Ball, location: 2F 0-2: Strikes out swinging
|
| Top of the 7th over - 0 runs, 1 hit, 0 errors, 1 left on base; Savannah 5 - Jacksonville 0 |
| BOTTOM OF THE 7TH |
|
Jacksonville Suns batting - Pitching for Savannah Indians : RHP Jose Guzman
|
|
Batting: LHB Andy Carlton
|
0-0: SINGLE (Line Drive, 56, EV 98.1 MPH)
|
|
Batting: RHB Edward Packard
|
0-0: Called Strike 0-1: Grounds into double play, 4-6-3 (Groundball, 4, EV 110.0 MPH)
|
|
Batting: LHB Pete M O'Brien
|
0-0: Fly out, F7 (Flyball, 78S, EV 74.4 MPH)
|
| Bottom of the 7th over - 0 runs, 1 hit, 0 errors, 0 left on base; Savannah 5 - Jacksonville 0 |
| TOP OF THE 8TH |
|
Savannah Indians batting - Pitching for Jacksonville Suns : LHP Stephen Hartery
|
|
Batting: RHB Jeff Hearron
|
0-0: Called Strike 0-1: Ball 1-1: Ball 2-1: Ball 3-1: SINGLE (Line Drive, 6MD, EV 98.1 MPH)
|
|
Batting: LHB Steve Sbragia
|
0-0: Foul Ball, location: 2F 0-1: Foul Ball, location: 2F 0-2: Strikes out looking
|
|
Batting: RHB Mario Diaz
|
0-0: Called Strike 0-1: Ball 1-1: Ball 2-1: Fielders Choice at 2nd, 4-6 (Groundball, 4, EV 106.3 MPH)
|
|
Batting: LHB Albert Castillo
|
0-0: Called Strike 0-1: Ball 1-1: Called Strike 1-2: Ball 2-2: Strikes out swinging
|
| Top of the 8th over - 0 runs, 1 hit, 0 errors, 1 left on base; Savannah 5 - Jacksonville 0 |
| BOTTOM OF THE 8TH |
|
Jacksonville Suns batting - Pitching for Savannah Indians : RHP Jose Guzman
|
|
Batting: LHB Dave Baker
|
0-0: Called Strike 0-1: Ball 1-1: Ball 2-1: Fly out, F8 (Flyball, 89S, EV 96.3 MPH)
|
|
Batting: LHB Michael Kelly
|
0-0: Ball 1-0: Foul Ball, location: 2F 1-1: Swinging Strike 1-2: Strikes out swinging
|
|
Batting: RHB Mark Nocciolo
|
0-0: Called Strike 0-1: Called Strike 0-2: Ball 1-2: Strikes out looking
|
| Bottom of the 8th over - 0 runs, 0 hits, 0 errors, 0 left on base; Savannah 5 - Jacksonville 0 |
| TOP OF THE 9TH |
|
Savannah Indians batting - Pitching for Jacksonville Suns : LHP Stephen Hartery
|
|
Pitching: RHP Willie Dominguez
|
|
|
Batting: RHB Angel Salazar
|
0-0: Foul Ball, location: 2F 0-1: Ball 1-1: SINGLE (Line Drive, 3D, EV 94.4 MPH)
|
|
Batting: RHB Eddie Vargas
|
0-0: Ball Angel Salazar steals 2nd base 1-0: Swinging Strike 1-1: Ball 2-1: SINGLE (Line Drive, 78S, EV 101.9 MPH) Angel Salazar to third Runner from 3rd tries for Home, SAFE, throw by LF to home
|
|
Batting: RHB Jim Paciorek
|
0-0: Ball 1-0: Fly out, F8 (Flyball, 78D, EV 88.1 MPH)
|
|
Batting: RHB Wade Rowdon
|
0-0: Foul Ball, location: 2F 0-1: Ball 1-1: Ball 2-1: Called Strike 2-2: 2-RUN HOME RUN (Flyball, 7LD, EV 102.5 MPH), Distance : 362 ft
|
|
Batting: RHB Ramiro Gutierrez
|
0-0: Ball 1-0: Foul Ball, location: 2F 1-1: Called Strike 1-2: Ground out U3 (Groundball, 34S, EV 84.4 MPH)
|
|
Batting: RHB Jeff Hearron
|
0-0: Ball 1-0: Swinging Strike 1-1: Ball 2-1: Called Strike 2-2: Foul Ball, location: 2F 2-2: Foul Ball, location: 2F 2-2: Strikes out looking
|
| Top of the 9th over - 3 runs, 3 hits, 0 errors, 0 left on base; Savannah 8 - Jacksonville 0 |
| BOTTOM OF THE 9TH |
|
Jacksonville Suns batting - Pitching for Savannah Indians : RHP Jose Guzman
|
|
Batting: RHB Henry Powell
|
0-0: Called Strike 0-1: Ball 1-1: Foul Ball, location: 2F 1-2: Ground out 6-3 (Groundball, 6M, EV 106.3 MPH)
|
|
Batting: RHB Lyle Brackenridge
|
0-0: Ball 1-0: Ground out 1-3 (Groundball, 13S, EV 65.0 MPH)
|
|
Batting: SHB Joe Morales
|
0-0: Ball 1-0: Ball 2-0: Ball 3-0: Called Strike 3-1: Base on Balls
|
|
Batting: LHB Andy Carlton
|
0-0: Ball 1-0: Ball 2-0: DOUBLE (Line Drive, 9LD, EV 108.1 MPH) Joe Morales to third
|
|
Batting: RHB Edward Packard
|
0-0: Ball 1-0: Foul Ball, location: 2F 1-1: Ball 2-1: Foul Ball, location: 2F 2-2: 3-RUN HOME RUN (Flyball, 7LD, EV 98.1 MPH), Distance : 395 ft
|
|
Pitching: RHP Anthony Notarino
|
|
|
Batting: LHB Pete M O'Brien
|
0-0: Called Strike 0-1: Ball 1-1: Ball 2-1: Ground out U3 (Groundball, 3, EV 110.6 MPH)
|
| Bottom of the 9th over - 3 runs, 2 hits, 0 errors, 0 left on base; Savannah 8 - Jacksonville 3 |
|